 Dungeon Crawl Stone Soup version 0.23.0 (webtiles) character file.

Game seed: 1677253278124983208

34311 Borgoz the Unseen (level 14, -32/82 HPs)
             Began as a Kobold Monk on Feb 16, 2019.
             Was a High Priest of Hepliaklqana.
             Annihilated by a death yak simulacrum (38 damage)
             ... in an ice cave.
             The game lasted 00:53:29 (16475 turns).

Borgoz the Unseen (Kobold Monk)                    Turns: 16475, Time: 00:53:30

Health: -32/82     AC: 13    Str: 10    XL:     14   Next: 12%
Magic:  16/16      EV: 32    Int: 12    God:    Hepliaklqana [*****.]
Gold:   939        SH:  0    Dex: 25    Spells: 13/16 levels left

rFire    . . .     SeeInvis .   a - +3 dagger (venom)
rCold    . . .     Gourm    .   (shield restricted)
rNeg     + . .     Faith    .   i - +1 troll leather armour {Purgy}
rPois    .         Spirit   .   (no helmet)
rElec    .         Reflect  .   A - +2 cloak {+Inv}
rCorr    .         Harm     .   e - +2 pair of gloves
MR       +....                  L - +0 pair of boots
Stlth    ++++++....             G - amulet of regeneration
HPRegen  1.03/turn              o - +5 ring of dexterity
MPRegen  0.15/turn              T - ring "Plog" {rN+ EV+4}

@: no status effects
A: small, reduced essence, carnivore
a: Recall Ancestor, Ancestor Identity, Transference, Idealise, Renounce
Religion, Evoke Invisibility


You were in an ice cave.
You worshipped Hepliaklqana.
Hepliaklqana was extremely pleased with you.
You were completely stuffed.

You visited 2 branches of the dungeon, and saw 16 of its levels.
You also visited: Sewer, Ossuary, Gauntlet and Ice Cave.

You collected 1138 gold pieces.
You spent 199 gold pieces at shops.

Inventory:

Hand Weapons
 a - a +3 dagger of venom (weapon)
 b - a +0 blowgun
Missiles
 g - 68 poisoned needles
 k - 5 tomahawks of dispersal
 S - 2 throwing nets (quivered)
Armour
 e - a +2 pair of gloves (worn)
 i - a +1 troll leather armour (worn) {Purgy}
 A - a +2 cloak of invisibility (worn)
 L - a +0 pair of boots (worn)
Jewellery
 f - an uncursed ring of flight
 o - a +5 ring of dexterity (left hand)
 B - an uncursed ring of ice
 G - an amulet of regeneration (around neck)
 P - an uncursed ring of ice
 Q - an uncursed ring of poison resistance
 T - the ring "Plog" (right hand) {rN+ EV+4}
   (You found it in a Gauntlet)

   [ring of evasion]

   It affects your evasion (+4).
   It protects you from negative energy.
 W - an uncursed ring of see invisible
Wands
 r - a wand of digging (8)
 J - a wand of clouds (11)
 V - a wand of flame (27)
 X - a wand of scattershot (5)
Scrolls
 h - 2 scrolls of fear
 q - 3 scrolls of blinking
 s - 6 scrolls of remove curse
 t - 4 scrolls of enchant weapon
 v - 3 scrolls of teleportation
 x - a scroll of noise {unknown}
 H - a scroll of fog {unknown}
 O - a scroll of acquirement
Potions
 j - 2 potions of flight
 l - 3 potions of brilliance
 m - 3 potions of invisibility
 n - 5 potions of magic
 p - 2 potions of resistance
 u - 3 potions of haste
 I - 2 potions of lignification
 N - a potion of cancellation
 Y - 3 potions of curing
Miscellaneous
 w - a sack of spiders
Comestibles
 c - 26 rations
 M - a chunk of flesh


   Skills:
 + Level 12.2 Fighting
 + Level 14.2 Short Blades
 - Level 6.1 Throwing
 + Level 3.6 Armour
 + Level 13.2 Dodging
 + Level 15.0 Stealth
 + Level 1.5 Spellcasting
 + Level 1.3 Charms
 + Level 1.6 Necromancy


You had 13 spell levels left.
You knew the following spells:

 Your Spells              Type           Power        Failure   Level  Hunger
a - Regeneration          Chrm/Necr      #.........   52%         3    ####...

Your spell library contained the following spells:

 Spells                   Type           Power        Failure   Level  Hunger
 Animate Skeleton         Necr           N/A          19%         1    ##.....
 Pain                     Necr           #...         19%         1    ##.....
 Apportation              Tloc           #.....       36%         1    ##.....
 Beastly Appendage        Tmut           #.....       36%         1    ##.....
 Confusing Touch          Hex            #.....       36%         1    ##.....
 Summon Small Mammal      Summ           #...         36%         1    ##.....
 Poisonous Vapours        Pois/Air       #.....       50%         2    ###....
 Sticks to Snakes         Tmut           #.......     50%         2    ###....
 Vampiric Draining        Necr           #.........   50%         3    ####...
 Conjure Flame            Conj/Fire      #.......     75%         3    ####...
 Mephitic Cloud           Conj/Pois/Air  #.......     75%         3    ####...
 Spider Form              Tmut/Pois      #.........   75%         3    ####...
 Animate Dead             Necr           N/A          88%         4    #####..
 Ice Form                 Ice/Tmut       #.......     98%         4    #####..
 Blade Hands              Tmut           #.........   100%        5    ######.
 Bolt of Magma            Conj/Fire/Erth #.........   100%        5    ######.
 Iskenderun's Battlesphe  Conj/Chrm      #.......     100%        5    ######.
 Venom Bolt               Conj/Pois      #.........   100%        5    ######.
 Freezing Cloud           Conj/Ice/Air   #.........   100%        6    #######
 Iron Shot                Conj/Erth      #.........   100%        6    #######
 Malign Gateway           Summ/Tloc      #.........   100%        7    #######
 Monstrous Menagerie      Summ           #.........   100%        7    #######
 Orb of Destruction       Conj           #.........   100%        7    #######
 Ring of Flames           Chrm/Fire      #.........   100%        7    #######
 Spellforged Servitor     Conj/Summ      #.........   100%        7    #######
 Summon Greater Demon     Summ           #.........   100%        7    #######
 Summon Horrible Things   Summ           #.........   100%        8    #######


Dungeon Overview and Level Annotations

Branches:
Dungeon (15/15)            Temple (1/1) D:5            Lair (0/6) D:8
    Orc (0/2) D:11         Vaults (0/5) D:13
 Depths: D:15

Altars:
Ashenzari
Cheibriados
Dithmenos
Elyvilon
Fedhas
Gozag
Hepliaklqana
Kikubaaqudgha
Makhleb
Nemelex Xobeh
Okawaru
Qazlal
Ru
Sif Muna
Trog
Uskayaw
Vehumet
Wu Jian
Xom
Yredelemnul
Zin
The Shining One

Shops:
D:11 [

Annotations:
D:8 exclusion: oklob plant
D:13 3 runed translucent doors, exclusion: orange crystal statue


Innate Abilities, Weirdness & Mutations

You are small and have problems with some larger weapons.
You are carnivorous and can eat meat at any time.
Your life essence is reduced to manifest your ancestor. (-10% HP)


Message History

You are too injured to fight recklessly!
You are too injured to fight recklessly!
You hit the polar bear simulacrum.
The polar bear simulacrum is lightly damaged.
You hit the polar bear simulacrum.
The polar bear simulacrum is moderately damaged.
The polar bear simulacrum barely misses you.
The polar bear simulacrum claws you but does no damage. x2
The death yak simulacrum completely misses you. x2
You hit the polar bear simulacrum but do no damage.
The polar bear simulacrum is moderately damaged.
Nomusa hits the polar bear simulacrum with a +0 dagger of draining.
You hit the polar bear simulacrum.
The polar bear simulacrum is severely damaged.
The polar bear simulacrum completely misses you.
The polar bear simulacrum claws you. The polar bear simulacrum freezes you!
The polar bear simulacrum misses you. The death yak simulacrum gores you!!
* * * LOW HITPOINT WARNING * * *
The death yak simulacrum freezes you!!!
You die...

## .##
#..#
##...
##...
#.Z.#
#ZZZ##
#@R.#
##...##
##.....##
#...∩...#
#.......#
##..∩..##
##...##
#####


You could see the friendly Nomusa the hexer, 3 death yak simulacra and a polar
bear simulacrum.

Vanquished Creatures
  A minotaur (Gauntlet)
  2 hydras
  3 vault guards (D:13)
  4 two-headed ogres
  A centaur warrior (D:14)
  A tengu warrior (D:13)
  2 unseen horrors
  An obsidian statue (Gauntlet)
  An ugly thing (D:10)
  A deep elf mage (D:14)
  2 centaur zombies
  A cyclops (D:14)
  A gargoyle (D:11)
  A torpor snail (Gauntlet)
  5 kobold demonologists (D:13)
  A tengu conjurer (D:14)
  A merfolk (D:10)
  2 meliai (D:12)
  8 trolls
  2 hornets
  3 hippogriffs
  5 flying skulls (Gauntlet)
  A wraith (Ossuary)
  7 humans (D:13)
  19 yaks
  A hungry ghost (D:13)
  4 vampire mosquitoes (D:13)
  The ghost of HEYYEYAAE the Bolt Thrower, an amateur OpHu (D:3)
  2 acid dragons
  5 orc warriors
  Duvessa (D:5)
  Purgy (Sewer)
  A sky beast (D:14)
  An eye of draining (D:11)
  2 ice beasts
  A phantom (D:9)
  2 necrophages
  5 ogres
  6 wolves
  16 centaurs
  A big kobold (D:13)
  Blork the orc (D:5)
  6 bullfrogs
  Dowan (D:5)
  A hexer (D:14)
  2 water moccasin skeletons
  21 killer bees
  4 scorpions
  4 wights
  2 electric eels (D:8)
  A jelly (D:11)
  6 crimson imps
  A quasit (D:3)
  A bullfrog skeleton (D:5)
  9 hounds
  A human zombie (Ossuary)
  A bullfrog zombie (D:8)
  11 orc priests
  14 orc wizards
  3 centaur skeletons
  Ijyb (D:5)
  4 iguanas
  8 worker ants
  A big kobold zombie (Ossuary)
  3 mummies (Ossuary)
  10 adders
  A gnoll (D:1)
  3 shadow imps
  2 oozes
  An adder zombie (D:5)
  An adder skeleton (D:4)
  A worm (D:2)
  2 dart slugs
  2 leopard geckos
  60 orcs
  A ball python (D:1)
  10 giant cockroaches
  A gnoll zombie (Ossuary)
  7 goblins
  13 hobgoblins
  2 jackals (D:2)
  3 quokkas
  7 bats
  3 frilled lizards
  2 goblin zombies (Ossuary)
  2 hobgoblin zombies (Ossuary)
  13 kobolds
  5 kobold zombies (Ossuary)
  An orc zombie (Ossuary)
  8 rats
  A bush (D:8)
  2 plants (D:8)
397 creatures vanquished.

Vanquished Creatures (collateral kills)
  2 unseen horrors
  A kobold demonologist (D:13)
  A troll (D:14)
  A hippogriff (D:8)
  A flying skull (Gauntlet)
  A shadow (D:14)
  A yak (D:12)
  A human (D:13)
  A swamp drake (D:11)
  An orc warrior (D:13)
  2 phantoms
  A wolf (D:8)
  2 centaurs
  3 big kobolds
  A scorpion (D:6)
  A killer bee (D:12)
  A wight (D:8)
  2 electric eels
  2 crimson imps
  A jelly (D:10)
  2 quasits (D:3)
  An orc priest (D:11)
  4 hounds
  A bullfrog skeleton (D:10)
  5 orc wizards
  2 shadow imps
  4 orcs
  4 kobolds
  A plant (D:8)
51 creatures vanquished.

Vanquished Creatures (others)
  A human (D:13)
  8 hexers
  5 ancestors
14 creatures vanquished.

Grand Total: 462 creatures vanquished

Notes
Turn   | Place    | Note
-------+----------+-------------------------------------------
     0 | D:1      | Borgoz the Kobold Monk began the quest for the Orb.
     0 | D:1      | Reached XP level 1. HP: 14/14 MP: 1/1
   186 | D:1      | Reached XP level 2. HP: 14/19 MP: 2/2
   229 | D:1      | Reached skill level 3 in Stealth
   726 | D:1      | Reached XP level 3. HP: 23/23 MP: 3/3
   970 | D:2      | Found a stormy altar of Qazlal.
   970 | D:2      | Noticed an air elemental
  1082 | D:2      | Noticed an earth elemental
  1086 | D:2      | Noticed a water elemental
  1086 | D:2      | Noticed a fire elemental
  1263 | D:2      | Reached XP level 4. HP: 23/29 MP: 4/4
  2235 | D:3      | Found a transporter.
  2235 | D:3      | Noticed HEYYEYAAE's ghost (amateur OpHu)
  2281 | D:3      | Reached skill level 4 in Stealth
  2573 | D:3      | Found a transporter.
  2671 | D:3      | Reached XP level 5. HP: 29/33 MP: 5/5
  2694 | D:3      | Reached skill level 5 in Short Blades
  3302 | D:3      | Found an ancient bone altar of Kikubaaqudgha.
  3334 | D:3      | Found a shadowy altar of Dithmenos.
  3540 | D:4      | Reached XP level 6. HP: 39/39 MP: 6/6
  3559 | D:4      | Reached skill level 5 in Dodging
  3564 | D:4      | Reached skill level 5 in Stealth
  4079 | D:4      | Reached XP level 7. HP: 35/44 MP: 7/7
  4349 | D:5      | Entered Level 5 of the Dungeon
  4351 | D:5      | Noticed Blork the orc
  4361 | D:5      | Reached skill level 5 in Fighting
  4385 | D:5      | Killed Blork the orc
  4385 | D:5      | Reached skill level 6 in Stealth
  4523 | D:5      | Noticed Duvessa
  4524 | D:5      | Noticed Dowan
  4608 | D:5      | Reached XP level 8. HP: 17/51 MP: 8/8
  4616 | D:5      | Found a glowing drain.
  4641 | Sewer    | Entered a sewer
  4660 | Sewer    | Noticed Purgy
  4662 | Sewer    | Killed Purgy
  4837 | D:5      | Found a radiant altar of Vehumet.
  4898 | D:5      | Reached skill level 7 in Stealth
  4944 | D:5      | Found a sand-covered staircase.
  4948 | D:5      | Noticed Ijyb
  4954 | Ossuary  | Entered an ossuary
  4954 | Ossuary  | Noticed a wraith
  4954 | Ossuary  | Noticed a wraith
  4954 | Ossuary  | Noticed a wraith
  5332 | Ossuary  | Noticed a wraith
  5334 | Ossuary  | Killed a wraith
  5394 | D:5      | Killed Duvessa
  5410 | D:5      | Killed Ijyb
  5410 | D:5      | Reached XP level 9. HP: 42/56 MP: 9/9
  5423 | D:5      | Killed Dowan
  5423 | D:5      | Reached skill level 8 in Stealth
  5464 | D:5      | Found a staircase to the Ecumenical Temple.
  5471 | Temple   | Entered the Ecumenical Temple
  5666 | Temple   | Became a worshipper of Hepliaklqana the Forgotten
  5666 | Temple   | Reached * piety under Hepliaklqana
  5666 | Temple   | Reached ** piety under Hepliaklqana
  5928 | D:3      | Killed HEYYEYAAE's ghost
  6078 | D:6      | Found a burning altar of Makhleb.
  6709 | D:7      | Reached skill level 9 in Stealth
  6797 | D:7      | Found Dashrugag's Weapon Boutique.
  7122 | D:8      | Noticed a two-headed ogre
  7126 | D:8      | Noticed a troll
  7457 | D:8      | Reached XP level 10. HP: 19/57 MP: 10/10
  7596 | D:8      | Killed a two-headed ogre
  7596 | D:8      | Reached skill level 10 in Short Blades
  7596 | D:8      | Reached skill level 10 in Stealth
  7983 | D:9      | Reached *** piety under Hepliaklqana
  8469 | D:9      | Paralysed by a hornet for 3 turns
  8958 | D:8      | Reached skill level 11 in Stealth
  8990 | D:8      | Found a glowing golden altar of the Shining One.
  8992 | D:8      | Found a sacrificial altar of Ru.
  8999 | D:8      | Got an iridescent falchion
  9137 | D:8      | Reached skill level 10 in Dodging
  9197 | D:8      | Found a staircase to the Lair.
  9258 | D:8      | Found a blossoming altar of Fedhas.
  9259 | D:8      | Reached **** piety under Hepliaklqana
  9302 | D:8      | Noticed an oklob plant
  9669 | D:10     | Entered Level 10 of the Dungeon
  9687 | D:10     | Reached XP level 11. HP: 63/63 MP: 11/11
  9802 | D:10     | You fall through a shaft!
 10014 | D:11     | Noticed a two-headed ogre
 10014 | D:11     | Noticed a two-headed ogre
 10071 | D:11     | Killed a two-headed ogre
 10071 | D:11     | Reached skill level 1 in Throwing
 10081 | D:11     | Killed a two-headed ogre
 10081 | D:11     | Reached skill level 12 in Stealth
 10485 | D:10     | Noticed a brown ugly thing
 10490 | D:10     | Killed a brown ugly thing
 10490 | D:10     | Reached skill level 10 in Fighting
 10697 | D:10     | Found a shattered altar of Ashenzari.
 10849 | D:11     | Remembered your ancestor Nomusa as a hexer
 10902 | D:11     | Killed an unseen horror
 11075 | D:11     | Reached XP level 12. HP: 63/70 MP: 12/12
 11151 | D:11     | Killed an unseen horror
 11194 | D:11     | Found a staircase to the Orcish Mines.
 11371 | D:11     | Found Puesy's Antique Armour Boutique.
 11380 | D:11     | Bought a sheer robe for 199 gold pieces
 11390 | D:11     | Identified the +2 robe of Tyhoh {-Tele rF+ rN+++ Int-4}
                  | (You bought it in a shop on level 11 of the Dungeon)
 11455 | D:11     | Noticed a four-headed hydra
 11473 | D:11     | Killed a four-headed hydra
 11473 | D:11     | Reached skill level 13 in Stealth
 11648 | D:12     | Killed an unseen horror
 11702 | D:12     | Reached skill level 5 in Throwing
 12063 | D:12     | Reached ***** piety under Hepliaklqana
 12214 | D:12     | Killed an unseen horror
 12352 | D:12     | Found a bloodstained altar of Trog.
 12999 | D:13     | Found a runed translucent door.
 13172 | D:13     | Noticed a two-headed ogre
 13181 | D:13     | Found a runed translucent door.
 13269 | D:13     | Killed a two-headed ogre
 13269 | D:13     | Reached XP level 13. HP: 75/75 MP: 13/13
 13379 | D:13     | Reached skill level 1 in Armour
 13495 | D:13     | Reached skill level 14 in Stealth
 13570 | D:13     | Noticed a vault guard
 13570 | D:13     | Noticed a vault guard
 13571 | D:13     | Noticed a vault guard
 13620 | D:13     | Killed a vault guard
 13646 | D:13     | Killed a vault guard
 13727 | D:13     | Killed a vault guard
 13923 | D:13     | Identified a scroll of acquirement
 14040 | D:13     | Found a runed translucent door.
 14078 | D:13     | Found a runed translucent door.
 14484 | D:13     | Found a gate to the Vaults.
 14723 | D:14     | Learned a level 3 spell: Regeneration
 14876 | D:14     | Found a gate leading to a gauntlet.
 14921 | Gauntlet | Entered a Gauntlet
 14921 | Gauntlet | Found a transporter.
 14931 | Gauntlet | Found a transporter.
 14935 | Gauntlet | Found a runed translucent door.
 14936 | Gauntlet | Found a runed translucent door.
 14939 | Gauntlet | Found a transporter.
 14941 | Gauntlet | Found a transporter.
 14947 | Gauntlet | Noticed a green death
 14950 | Gauntlet | Found a transporter.
 14966 | Gauntlet | Found a transporter.
 14976 | Gauntlet | Found a transporter.
 14985 | Gauntlet | Noticed an entropy weaver
 14987 | Gauntlet | Found a transporter.
 14992 | Gauntlet | Found a transporter.
 15007 | Gauntlet | Found a transporter.
 15020 | Gauntlet | Found a transporter.
 15021 | Gauntlet | Found a transporter.
 15072 | Gauntlet | Found a transporter.
 15146 | Gauntlet | Found a transporter.
 15492 | Gauntlet | Got a vibrating steel ring
 15538 | Gauntlet | Identified the ring "Plog" {rN+ EV+4} (You found it in a
                  | Gauntlet)
 15541 | Gauntlet | Noticed a minotaur
 15557 | Gauntlet | Killed a minotaur
 15621 | D:14     | Reached skill level 1 in Necromancy
 15728 | D:14     | Reached skill level 1 in Spellcasting
 15728 | D:14     | Reached XP level 14. HP: 82/82 MP: 15/15
 15855 | D:14     | Reached skill level 1 in Charms
 16298 | D:14     | Reached skill level 15 in Stealth
 16449 | D:15     | Entered Level 15 of the Dungeon
 16449 | D:15     | Found a frozen archway.
 16468 | IceCv    | Entered an ice cave
 16475 | IceCv    | Annihilated by a death yak simulacrum

Skill      XL: |  1  2  3  4  5  6  7  8  9 10 11 12 13 14 |
---------------+-------------------------------------------+-----
Stealth        | 3 4 5 6 7 9 11 12 13 14 15 | 15.0
Dodging        | 4 5 6 7 8 10 11 12 13 | 13.2
Fighting       | 4 5 6 7 9 10 11 12 | 12.2
Short Blades   | 5 6 7 9 10 12 13 14 | 14.2
Throwing       | 3 6 |  6.1
Armour         | 3 |  3.6
Necromancy     | 1 |  1.6
Spellcasting   | 1 |  1.5
Charms         | 1 |  1.3

Action                   |  1- 3 |  4- 6 |  7- 9 | 10-12 | 13-15 || total
-------------------------+-------+-------+-------+-------+-------++-------
Melee: Short sword       |   129 |   125 |       |       |       ||   254
       Dagger            |       |   114 |   438 |  1181 |   908 ||  2641
 Fire: Blowgun           |       |       |     5 |    24 |     2 ||    31
Throw: Throwing net      |       |       |       |     3 |       ||     3
Invok: Ancestor Life: He |       |       |       |     1 |       ||     1
       Ancestor Identity |       |       |       |     1 |       ||     1
       Recall Ancestor   |       |       |       |       |     1 ||     1
Evoke: Wand              |       |       |       |     1 |       ||     1
  Use: Potion            |     2 |     2 |     3 |    12 |     2 ||    21
       Scroll            |       |    13 |     6 |     2 |    11 ||    32
 Stab: Sleeping          |     4 |     4 |    16 |    31 |     7 ||    62
       Distracted        |     1 |       |     2 |     8 |     6 ||    17
       Held in net/web   |       |       |       |     3 |       ||     3
       Confused          |       |       |       |     1 |     5 ||     6
  Eat: Chunk             |    10 |     8 |    12 |    18 |    18 ||    66
Armor: Robe              |    20 |    30 |     5 |       |       ||    55
       Troll leather arm |       |       |    38 |    91 |    92 ||   221
Dodge: Dodged            |    86 |   182 |   294 |   760 |   820 ||  2142
